 Dungeon Crawl Stone Soup version 0.23.2-1-ga50397a (webtiles) character file.

Game seed: 6129914457976468968

82243 gohu the Brawler (level 15, -7/149 HPs)
             Began as a Troll Berserker on May 25, 2019.
             Was a High Priest of Trog.
             Mangled by a sun demon (15 damage)
             ... summoned by an orc sorcerer
             ... on level 2 of the Orcish Mines.
             The game lasted 01:11:06 (18394 turns).

gohu the Brawler (Troll Berserker)                 Turns: 18394, Time: 01:11:07

Health: -7/149     AC: 12    Str: 29    XL:     15   Next: 29%
Magic:  0/27       EV: 19    Int:  6    God:    Trog [*****.]
Gold:   2096       SH:  0    Dex: 14    Spells: 14/14 levels left

rFire    . . .     SeeInvis .     - Unarmed
rCold    . . .     Gourm    +   (no shield)
rNeg     . . .     Faith    .   O - +3 troll leather armour
rPois    .         Spirit   +   P - +1 hat {Int+3}
rElec    +         Reflect  .   Q - scarf {Spirit}
rCorr    +         Harm     .   (gloves unavailable)
MR       +....                  (boots unavailable)
Stlth    +.........             B - amulet of regeneration
HPRegen  1.54/turn              j - +5 ring of evasion
MPRegen  0.20/turn              F - ring of Lioruhy {rCorr rElec MP+9}

@: lethally poisoned (-7 -> -7)
A: large, unfitting armour, claws 3, fast metabolism 3, gourmand, regeneration
1, shaggy fur 1, tough skin 3
a: Berserk, Trog's Hand, Brothers in Arms, Renounce Religion


You were on level 2 of the Orcish Mines.
You worshipped Trog.
Trog was extremely pleased with you.
You were very full.

You visited 4 branches of the dungeon, and saw 22 of its levels.
You also visited: Ice Cave.

You collected 2347 gold pieces.
You spent 251 gold pieces at shops.

Inventory:

Hand Weapons
 w - the +6 morningstar of Spontaneous Combustion {drain, Str+2}
   (You found it on level 6 of the Dungeon)

   A truly terrible weapon, it drains the life of those it strikes.
   It affects your strength (+2).
 G - the +6 giant spiked club of Context {crush, rF- rC+ Dex+4}
   (Trog gifted it to you on level 6 of the Lair of Beasts)

   It inflicts extra damage upon your enemies.
   It affects your dexterity (+4).
   It makes you vulnerable to fire.
   It protects you from cold.
 Y - the +3 falchion of Evil {slice, Dex+5}
   (You found it on level 1 of the Lair of Beasts)

   It inflicts extra damage upon your enemies.
   It affects your dexterity (+5).
Missiles
 z - 5 throwing nets
 N - 31 large rocks (quivered)
Armour
 O - a +3 troll leather armour (worn)
 P - a +1 hat of intelligence (worn)
 Q - a scarf of spirit shield (worn)
Jewellery
 d - an uncursed ring of protection from magic
 j - a +5 ring of evasion (left claw)
 n - a +5 ring of dexterity
 y - an uncursed ring of resist corrosion
 A - an uncursed ring of protection from cold {unknown}
 B - an amulet of regeneration (around neck)
 F - the ring of Lioruhy (right claw) {rCorr rElec MP+9}
   (You found it on level 6 of the Lair of Beasts)

   [ring of resist corrosion]

   It insulates you from electricity.
   It affects your magic capacity (+9).
 J - an uncursed ring of fire {unknown}
Wands
 u - a wand of enslavement (6)
 D - a wand of polymorph (15)
 H - a wand of disintegration (13)
 L - a wand of acid (8)
 M - a wand of iceblast (9)
 V - a wand of scattershot (3)
Scrolls
 c - 4 scrolls of teleportation
 g - 6 scrolls of remove curse
 k - 3 scrolls of fog
 l - 5 scrolls of magic mapping
 p - 7 scrolls of immolation
 v - 9 scrolls of enchant weapon {unknown}
 C - 2 scrolls of silence
 E - 2 scrolls of holy word
 K - 8 scrolls of identify
 S - 3 scrolls of fear
 T - 2 scrolls of summoning
 X - 3 scrolls of blinking
Potions
 e - 2 potions of haste
 f - a potion of ambrosia
 h - 2 potions of berserk rage
 i - 2 potions of resistance
 m - 10 potions of curing
 o - 4 potions of mutation
 q - 3 potions of heal wounds
 r - 3 potions of lignification
 s - 4 potions of flight
 t - 3 potions of invisibility
 x - 2 potions of agility
 I - 2 potions of cancellation
 R - 3 potions of might
Comestibles
 a - 4 chunks of flesh
 b - 48 rations


   Skills:
 + Level 10.1 Fighting
 - Level 12.3 Throwing
 - Level 3.6 Armour
 + Level 8.1 Dodging
 * Level 16.5 Unarmed Combat
 + Level 5.9 Evocations


You had 14 spell levels left.
You didn't know any spells.
Your spell library was empty.

Dungeon Overview and Level Annotations

Branches:
Dungeon (13/15)            Temple (0/1) D:7            Lair (6/6) D:8
  Swamp (0/4) Lair:2       Spider (0/4) Lair:4        Slime (1/5) Lair:5
    Orc (2/2) D:9             Elf (0/3) Orc:2
 Vaults: D:13-14

Altars:
Ashenzari
Dithmenos
Fedhas
Gozag
Hepliaklqana
Makhleb
Nemelex Xobeh
Ru
Trog
Uskayaw
Vehumet
Xom
Zin
The Shining One

Shops:
D:4 *   D:10 =

Annotations:
D:13 2 exclusions


Innate Abilities, Weirdness & Mutations

You are too large for most types of armour.
You have claws for hands.
Your metabolism is lightning-fast.
You like to eat raw meat.
Your natural rate of healing is unusually fast.
You are covered in fur. (AC +1)
You have extremely tough skin. (AC +3)


Message History

You climb upwards.
You feel sick.
There is a stone staircase leading down, spattered with blood here.
Things that are here:
a +0 chain mail; a +0 flail You feel sick.
You climb downwards.
You feel sick. The sun demon hits you!
You are engulfed in flames!
The sun demon hits you!!
You are engulfed in flames!
The orc priest calls down the wrath of Beogh upon you.
Pain shoots through your body! The sun demon completely misses you.
There is a stone staircase leading up, spattered with blood here.
You feel sick. The sun demon hits you!
You are engulfed in flames!
* * * LOW HITPOINT WARNING * * *
The sun demon misses you.
The orc hits you from afar with a +0 trident!
* * * LOW HITPOINT WARNING * * *
The sun demon hits you!!
* * * LOW HITPOINT WARNING * * *
You are engulfed in flames!
You die...

......................###
.....................##
.#..............#.....#
#...................o.#
.....................##
#......#..#[.[....oo##
#..............o##o..#
##<......).....33.o.##
#.......<.[....@o..##
##..#..).)..##......#
##.#.#......##..##.##
#.......#..##...####
##.#.......###.##
##.##......## ###
#...#......###
##...........##
#......#.....#


You could see 2 sun demons, 2 orc sorcerers, an orc warrior, 3 orc priests and
an orc.

Vanquished Creatures
  Jorgrun (D:13)
  Kirke (Lair:4)
  Gastronok (Lair:1)
  An orc warlord (D:9)
  2 stone giants (Orc:1)
  A fire dragon (Lair:6)
  Harold (Orc:1)
  Erolcha (D:9)
  2 catoblepae (Lair:6)
  4 hydras
  A two-headed ogre (Orc:1)
  A centaur warrior (D:12)
  An orc high priest (Orc:2)
  Urug (Lair:3)
  An unseen horror (D:10)
  Pikel (D:5)
  A swamp dragon (Lair:6)
  A necromancer (IceCv)
  2 orc knights (D:9)
  A manticore (D:13)
  An orb spider (Lair:4)
  2 orc sorcerers (Orc:2)
  2 ugly things (D:12)
  5 cyclopes
  24 elephants
  5 black mambas
  A gargoyle (D:12)
  9 spiny frogs
  3 ice statues (IceCv)
  2 centaur skeletons
  4 rime drakes
  7 komodo dragons
  10 ice devils (IceCv)
  8 trolls
  A queen bee (Lair:1)
  9 polar bears (Lair:6)
  A slime creature (Lair:5)
  Prince Ribbit (D:8)
  7 blink frogs
  10 hippogriffs
  Sigmund (D:2)
  4 raiju (Lair:6)
  A vampire (D:12)
  40 yaks
  4 wyverns
  A wraith (D:11)
  3 hogs (Lair:4)
  A vampire mosquito (D:12)
  6 basilisks
  2 steam dragons
  8 wargs
  2 acid dragons
  A soldier ant (D:8)
  11 hell hounds
  6 porcupines
  18 water moccasins
  3 swamp drakes (Lair:6)
  2 phantoms
  A slave (D:5)
  12 black bears
  3 eyes of draining
  3 ice beasts
  16 orc warriors
  3 sky beasts
  10 centaurs
  44 wolves
  23 crocodiles
  11 ogres
  2 big kobolds
  13 bullfrogs
  A wyvern skeleton (D:12)
  5 scorpions
  42 killer bees
  2 electric eels (Lair:3)
  13 crimson imps
  3 centaur zombies
  A bullfrog zombie (D:13)
  2 draconian simulacra (IceCv)
  7 jellies
  10 orc priests
  4 hounds
  5 bullfrog skeletons
  10 iguanas
  Ijyb (D:5)
  4 worker ants
  20 orc wizards
  11 hell rats (Lair:3)
  2 troll simulacra (IceCv)
  3 spriggan simulacra (IceCv)
  A hound skeleton (D:5)
  A worker ant zombie (D:10)
  15 adders
  A naga simulacrum (IceCv)
  2 ogre simulacra (IceCv)
  3 shadow imps
  4 oozes
  2 adder zombies
  2 adder skeletons
  2 worms
  13 leopard geckos
  66 orcs
  9 bats
  8 giant cockroaches
  5 goblins
  11 hobgoblins
  12 jackals
  18 kobolds
  10 quokkas
  2 ball python skeletons (D:4)
  16 frilled lizards
  A jackal skeleton (D:7)
  A leopard gecko skeleton (D:5)
  10 rats
  2 plants
756 creatures vanquished.

Vanquished Creatures (others)
  An ogre (D:5)
  A scorpion (D:5)
  An adder (D:12)
  A quokka (D:12)
  8 fungi
  18 plants
30 creatures vanquished.

Grand Total: 786 creatures vanquished

Notes
Turn   | Place    | Note
-------+----------+-------------------------------------------
     0 | D:1      | gohu the Troll Berserker began the quest for the Orb.
     0 | D:1      | Reached XP level 1. HP: 22/22 MP: 0/0
   133 | D:1      | Reached XP level 2. HP: 29/29 MP: 1/1
   276 | D:1      | Reached ** piety under Trog
   398 | D:1      | Reached XP level 3. HP: 36/36 MP: 2/2
   583 | D:2      | Reached skill level 4 in Unarmed Combat
   738 | D:2      | Noticed a +0 dagger
   738 | D:2      | Noticed a +4 hand axe
   750 | D:2      | Reached XP level 4. HP: 41/45 MP: 3/3
   757 | D:2      | Found a hide-covered altar of Uskayaw.
   787 | D:2      | Noticed Sigmund
   849 | D:2      | Killed Sigmund
   849 | D:2      | Reached skill level 5 in Unarmed Combat
   849 | D:2      | Reached XP level 5. HP: 54/54 MP: 4/4
  1050 | D:2      | Reached XP level 6. HP: 62/62 MP: 5/5
  1168 | D:2      | Found a glowing golden altar of the Shining One.
  1312 | D:3      | Found a radiant altar of Vehumet.
  1554 | D:3      | Reached skill level 6 in Unarmed Combat
  1711 | D:3      | Reached *** piety under Trog
  1879 | D:3      | Found a hazy altar of Hepliaklqana.
  2147 | D:4      | Found a sacrificial altar of Ru.
  2359 | D:4      | Found Bekes's General Store.
  2367 | D:4      | Bought a scroll of immolation for 49 gold pieces
  2367 | D:4      | Bought a potion of heal wounds for 70 gold pieces
  2367 | D:4      | Bought a potion of lignification for 42 gold pieces
  2491 | D:4      | Found a sparkling altar of Nemelex Xobeh.
  2534 | D:4      | Reached XP level 7. HP: 68/70 MP: 6/6
  2542 | D:4      | Reached skill level 7 in Unarmed Combat
  2716 | D:5      | Entered Level 5 of the Dungeon
  2718 | D:5      | Noticed Ijyb
  2742 | D:5      | Killed Ijyb
  2805 | D:5      | Reached **** piety under Trog
  2841 | D:5      | Found a bloodstained altar of Trog.
  2848 | D:5      | Reached skill level 5 in Fighting
  2848 | D:5      | Reached skill level 8 in Unarmed Combat
  2876 | D:5      | Reached XP level 8. HP: 49/80 MP: 3/7
  2919 | D:5      | Noticed Pikel
  2928 | D:5      | Killed Pikel
  2928 | D:5      | Reached skill level 9 in Unarmed Combat
  3104 | D:5      | Found an opulent altar of Gozag.
  3151 | D:5      | Found a shadowy altar of Dithmenos.
  3681 | D:6      | Found a blossoming altar of Fedhas.
  3712 | D:6      | Reached skill level 10 in Unarmed Combat
  3788 | D:6      | Found a shattered altar of Ashenzari.
  3807 | D:6      | Got a steaming morningstar
  3848 | D:6      | Reached XP level 9. HP: 89/89 MP: 8/8
  4166 | D:6      | Found a blossoming altar of Fedhas.
  4294 | D:7      | Reached ***** piety under Trog
  4299 | D:7      | Found a staircase to the Ecumenical Temple.
  4468 | D:7      | Found a shimmering altar of Xom.
  4538 | D:7      | Found a burning altar of Makhleb.
  4550 | D:7      | Received a gift from Trog
  4560 | D:7      | Reached skill level 11 in Unarmed Combat
  5045 | D:8      | Noticed Prince Ribbit
  5051 | D:8      | Killed Prince Ribbit
  5051 | D:8      | Reached skill level 1 in Armour
  5141 | D:8      | Reached XP level 10. HP: 87/102 MP: 9/9
  5327 | D:8      | Reached skill level 12 in Unarmed Combat
  5468 | D:8      | Found a staircase to the Lair.
  5685 | D:9      | Noticed Erolcha
  5695 | D:9      | Killed Erolcha
  5792 | D:9      | Found Zin's Purification Station.
  5831 | D:9      | Found a glowing silver altar of Zin.
  5836 | D:9      | Bought a potion of curing for 90 gold pieces
  6247 | D:9      | Found a staircase to the Orcish Mines.
  6267 | D:10     | Entered Level 10 of the Dungeon
  6326 | D:10     | Reached XP level 11. HP: 48/111 MP: 10/10
  6408 | D:10     | Killed an unseen horror
  6408 | D:10     | Reached skill level 13 in Unarmed Combat
  6465 | D:10     | Identified the +8 scythe of Rubbish {speed, +Blink rPois
                  | Str+2}
  6534 | D:10     | Received a gift from Trog
  6710 | D:10     | Found Tutaupon's Jewellery Shop.
  6975 | D:11     | Reached skill level 1 in Evocations
  7286 | D:11     | Reached skill level 1 in Throwing
  7629 | D:12     | Found a frozen archway.
  7686 | IceCv    | Entered an ice cave
  7772 | IceCv    | Reached skill level 5 in Throwing
  7892 | IceCv    | Received a gift from Trog
  8153 | IceCv    | Noticed a necromancer
  8157 | IceCv    | Killed a necromancer
  8157 | IceCv    | Reached XP level 12. HP: 122/122 MP: 12/12
  8223 | D:12     | Noticed a centaur warrior
  8233 | D:12     | Killed a centaur warrior
  9153 | D:13     | Reached skill level 10 in Throwing
  9269 | D:13     | Noticed Jorgrun
  9284 | D:13     | Killed Jorgrun
  9384 | D:13     | Noticed a vault guard
  9609 | D:13     | Noticed an eight-headed hydra
  9773 | Lair:1   | Entered Level 1 of the Lair of Beasts
  9776 | Lair:1   | Noticed Gastronok
  9776 | Lair:1   | Noticed a five-headed hydra
  9928 | D:8      | Identified the +6 morningstar of Spontaneous Combustion
                  | {drain, Str+2} (You found it on level 6 of the Dungeon)
  9939 | D:8      | Killed a nine-headed hydra
  9999 | Lair:1   | Killed Gastronok
 10038 | Lair:1   | Got a brightly glowing falchion
 10077 | Lair:1   | Reached XP level 13. HP: 123/128 MP: 13/13
 10255 | Lair:1   | Received a gift from Trog
 10363 | Lair:1   | Received a gift from Trog
 11244 | Lair:2   | Found a staircase to the Swamp.
 11429 | Lair:2   | Reached skill level 5 in Dodging
 11952 | Lair:3   | Noticed Urug
 12050 | Lair:3   | Received a gift from Trog
 12117 | Lair:3   | Reached skill level 14 in Unarmed Combat
 12306 | Lair:3   | Killed Urug
 12454 | Lair:3   | Received a gift from Trog
 12959 | Lair:3   | Identified the +3 falchion of Evil {slice, Dex+5} (You
                  | found it on level 1 of the Lair of Beasts)
 13040 | Lair:4   | Received a gift from Trog
 13170 | Lair:4   | Noticed Kirke
 13206 | Lair:4   | Killed Kirke
 13286 | Lair:4   | Reached XP level 14. HP: 137/137 MP: 15/15
 13297 | Lair:4   | Received a gift from Trog
 13484 | Lair:4   | Reached skill level 15 in Unarmed Combat
 13943 | Lair:4   | Found a hole to the Spider Nest.
 14145 | Lair:5   | Found a staircase to the Slime Pits.
 14887 | Lair:6   | Entered Level 6 of the Lair of Beasts
 14969 | Lair:5   | Received a gift from Trog
 15632 | Lair:6   | Reached skill level 5 in Evocations
 16182 | Lair:6   | Got a steaming marble ring
 16196 | Lair:6   | Identified the ring of Lioruhy {rCorr rElec MP+9} (You
                  | found it on level 6 of the Lair of Beasts)
 16453 | Slime:1  | Entered Level 1 of the Pits of Slime
 16453 | Slime:1  | Noticed an azure jelly
 16583 | Lair:6   | Reached skill level 16 in Unarmed Combat
 16686 | Lair:6   | Received a gift from Trog
 16689 | Lair:6   | Got a dazzling giant spiked club {god gift}
 16730 | Lair:6   | Identified the +6 giant spiked club of Context {crush, rF-
                  | rC+ Dex+4} (Trog gifted it to you on level 6 of the Lair of
                  | Beasts)
 17117 | Orc:1    | Entered Level 1 of the Orcish Mines
 17120 | Orc:1    | Noticed a stone giant
 17190 | Orc:1    | Killed a stone giant
 17234 | Orc:1    | Reached XP level 15. HP: 123/149 MP: 18/18
 17292 | Orc:1    | Noticed Harold
 17340 | Orc:1    | Killed Harold
 17584 | Orc:1    | Noticed an orc warlord
 17638 | D:9      | Killed an orc warlord
 17697 | Orc:1    | Reached skill level 10 in Fighting
 18010 | Orc:2    | Entered Level 2 of the Orcish Mines
 18033 | Orc:2    | Received a gift from Trog
 18051 | Orc:2    | Found a staircase to the Elven Halls.
 18131 | Orc:2    | Paralysed by an orc sorcerer for 6 turns
 18394 | Orc:2    | Mangled by a sun demon

Skill      XL: |  1  2  3  4  5  6  7  8  9 10 11 12 13 14 15 |
---------------+----------------------------------------------+-----
Unarmed Combat | 4 5 6 8 10 11 12 13 14 16 | 16.5
Fighting       | 3 4 5 6 7 8 9 10 | 10.1
Armour         | 1 3 |  3.6
Dodging        | 4 6 7 8 |  8.1
Evocations     | 1 3 5 |  5.9
Throwing       | 7 11 12 | 12.3

Action                   |  1- 3 |  4- 6 |  7- 9 | 10-12 | 13-15 || total
-------------------------+-------+-------+-------+-------+-------++-------
Melee: Unarmed           |   121 |   129 |   213 |   588 |  1174 ||  2225
       Punch             |     1 |     5 |    10 |    51 |   133 ||   200
       Morningstar       |       |       |       |     4 |       ||     4
       Falchion          |       |       |       |       |    29 ||    29
Throw: Large rock        |       |       |       |     3 |    76 ||    79
Invok: Berserk           |       |     2 |     2 |     9 |     2 ||    15
       Trog's Hand       |       |     1 |       |     4 |     3 ||     8
Evoke: Wand              |       |       |       |     2 |       ||     2
  Use: Scroll            |       |     2 |       |    17 |     7 ||    26
       Potion            |       |       |       |     2 |     4 ||     6
 Stab: Sleeping          |     1 |     1 |     2 |     1 |       ||     5
       Distracted        |       |       |       |     1 |       ||     1
  Eat: Chunk             |    11 |    14 |    31 |    52 |    83 ||   191
Armor: Animal skin       |    66 |    39 |    46 |    37 |       ||   188
       Troll leather arm |       |       |       |   123 |   402 ||   525
Dodge: Dodged            |    71 |    61 |    62 |   215 |  1141 ||  1550
       Rpst.: Falchion   |       |       |       |       |    19 ||    19
